EL
ALTOONA CURVE @ PORTLAND SEA DOGS
09/04/2099
 
TOP OF THE 1ST
Altoona Curve batting - Pitching for Portland Sea Dogs : LHP Zarion Eldridge
Pitching: LHP Zarion Eldridge
Batting: RHB Jeff Morgan 0-0: Ball
1-0: Ball
2-0: Ball
3-0: Base on Balls
Batting: SHB Greg O'Donnell 0-0: Swinging Strike
0-1: Foul Ball, location: 2F
0-2: Ball
1-2: Ball
2-2: Ball
3-2: Strikes out swinging
Batting: RHB Jason Wine 0-0: Ball
1-0: Fly out, F8 (Flyball, 8LXD, EV 85.0 MPH)
Batting: SHB Ken Campbell 0-0: Foul Ball, location: 23F
0-1: Foul Ball, location: 2F
0-2: Strikes out swinging
Top of the 1st over - 0 runs, 0 hits, 0 errors, 1 left on base; Altoona 0 - Portland 0
BOTTOM OF THE 1ST
Portland Sea Dogs batting - Pitching for Altoona Curve : LHP D.J. Pittaway
Pitching: LHP D.J. Pittaway
Batting: RHB Eddie Pizana 0-0: Ball
1-0: Ball
2-0: Ball
3-0: Base on Balls
Batting: LHB Ryan McFall 0-0: Ball
1-0: Called Strike
1-1: Foul Ball, location: 7LMF
1-2: Ball
2-2: Foul Ball, location: 2F
2-2: Foul Ball, location: 7LMF
2-2: Strikes out looking
Batting: RHB Bobby Villalobos 0-0: Ball
1-0: Ball
2-0: Called Strike
2-1: Ball
3-1: Fly out, F8 (Flyball, 8RD, EV 93.1 MPH)
Batting: LHB Dan McCartney 0-0: Ball
1-0: Called Strike
1-1: Reached on error, E1 (Groundball, 13, EV 71.3 MPH)
Eddie Pizana to second
Batting: RHB Chris Barley 0-0: Fly out, F7 (Flyball, 7LM, EV 98.8 MPH)
Bottom of the 1st over - 0 runs, 0 hits, 1 error, 2 left on base; Altoona 0 - Portland 0
TOP OF THE 2ND
Altoona Curve batting - Pitching for Portland Sea Dogs : LHP Zarion Eldridge
Batting: LHB Jimmy O'Banion 0-0: Ball
1-0: Ball
2-0: Ball
3-0: Called Strike
3-1: Called Strike
3-2: Fly out, F9 (Flyball, 89S, EV 85.6 MPH)
Batting: LHB Robby Salinas 0-0: Called Strike
0-1: Ball
1-1: Foul Ball, location: 25FF
1-2: Strikes out swinging
Batting: RHB Mike Sears 0-0: Fly out, F8 (Flyball, 8RM, EV 89.4 MPH)
Top of the 2nd over - 0 runs, 0 hits, 0 errors, 0 left on base; Altoona 0 - Portland 0
BOTTOM OF THE 2ND
Portland Sea Dogs batting - Pitching for Altoona Curve : LHP D.J. Pittaway
Batting: LHB Dustin Spears 0-0: Ball
1-0: Foul Ball, location: 5FF
1-1: SINGLE (Groundball, P, EV 80.0 MPH) (infield hit)
Batting: LHB T.J. Purkey 0-0: Sac Bunt to 13S - play at first, batter OUT! 1-3
Dustin Spears to second
Batting: LHB Ramiro Argueta 0-0: SINGLE (Groundball, 34D, EV 98.1 MPH)
Dustin Spears to third
Batting: RHB Mike Elsner 0-0: Called Strike
0-1: Swinging Strike
0-2: Ball
1-2: Ball
2-2: Foul Ball, location: 5DF
2-2: Strikes out swinging
Batting: RHB Eddie Pizana 0-0: Ball
1-0: Ball
2-0: Called Strike
2-1: Ball
3-1: Ground out 1-3 (Groundball, 13S, EV 70.6 MPH)
Bottom of the 2nd over - 0 runs, 2 hits, 0 errors, 2 left on base; Altoona 0 - Portland 0
TOP OF THE 3RD
Altoona Curve batting - Pitching for Portland Sea Dogs : LHP Zarion Eldridge
Batting: SHB Todd Combs 0-0: Ball
1-0: Fly out, F7 (Line Drive, 78M, EV 90.6 MPH)
Batting: RHB Kyle Alvarez 0-0: Called Strike
0-1: Swinging Strike
0-2: Strikes out looking
Batting: RHB Jeff Morgan 0-0: Called Strike
0-1: Ball
1-1: Ball
2-1: Foul Ball, location: 2F
2-2: SINGLE (Line Drive, 8LS, EV 98.1 MPH)
Batting: SHB Greg O'Donnell 0-0: Ball
1-0: Ball
2-0: Ground out 4-3 (Groundball, 4, EV 86.3 MPH)
Top of the 3rd over - 0 runs, 1 hit, 0 errors, 1 left on base; Altoona 0 - Portland 0
BOTTOM OF THE 3RD
Portland Sea Dogs batting - Pitching for Altoona Curve : LHP D.J. Pittaway
Batting: LHB Ryan McFall 0-0: Foul Ball, location: 23FF
0-1: Foul Ball, location: 7LSF
0-2: Ball
1-2: Fly out, F7 (Line Drive, 7S, EV 95.6 MPH)
Batting: RHB Bobby Villalobos 0-0: Ball
1-0: Swinging Strike
1-1: Swinging Strike
1-2: Foul Ball, location: 25FF
1-2: Ball
2-2: Foul Ball, location: 5F
2-2: Foul Ball, location: 2LF
2-2: Foul Ball, location: 3FF
2-2: Ball
3-2: Foul Ball, location: 2F
3-2: Fly out, F8 (Flyball, 8RS, EV 89.4 MPH)
Batting: LHB Dan McCartney 0-0: Called Strike
0-1: Swinging Strike
0-2: Ball
1-2: Ball
2-2: Foul Ball, location: 2F
2-2: Foul Ball, location: 3F
2-2: Ball
3-2: Strikes out swinging
Bottom of the 3rd over - 0 runs, 0 hits, 0 errors, 0 left on base; Altoona 0 - Portland 0
TOP OF THE 4TH
Altoona Curve batting - Pitching for Portland Sea Dogs : LHP Zarion Eldridge
Batting: RHB Jason Wine 0-0: Ball
1-0: Ground out 6-3 (Groundball, 56D, EV 81.9 MPH)
Batting: SHB Ken Campbell 0-0: Ball
1-0: SINGLE (Groundball, 4MD, EV 102.5 MPH)
Batting: LHB Jimmy O'Banion 0-0: Ball
1-0: Foul Ball, location: 5F
1-1: Ball
2-1: Swinging Strike
2-2: Strikes out swinging
Batting: LHB Robby Salinas 0-0: Ball
1-0: Foul Ball, location: 2F
1-1: Fly out, F9 (Flyball, 9LM, EV 93.1 MPH)
Top of the 4th over - 0 runs, 1 hit, 0 errors, 1 left on base; Altoona 0 - Portland 0
BOTTOM OF THE 4TH
Portland Sea Dogs batting - Pitching for Altoona Curve : LHP D.J. Pittaway
Batting: RHB Chris Barley 0-0: Ball
1-0: DOUBLE (Flyball, 89XD, EV 104.4 MPH)
Batting: LHB Dustin Spears 0-0: Ground out 6-3 (Groundball, 6, EV 84.4 MPH)
Batting: LHB T.J. Purkey 0-0: Fly out, F9 (Flyball, 89S, EV 95.6 MPH)
Batting: LHB Ramiro Argueta 0-0: Ball
1-0: Called Strike
1-1: Ball
2-1: Ball
3-1: Foul Ball, location: 5FF
3-2: Strikes out swinging
Bottom of the 4th over - 0 runs, 1 hit, 0 errors, 1 left on base; Altoona 0 - Portland 0
TOP OF THE 5TH
Altoona Curve batting - Pitching for Portland Sea Dogs : LHP Zarion Eldridge
Batting: RHB Mike Sears 0-0: Called Strike
0-1: Ball
1-1: Ball
2-1: Ball
3-1: Base on Balls
Batting: SHB Todd Combs 0-0: Ball
1-0: Ball
2-0: Called Strike
2-1: Ball
3-1: DOUBLE (Line Drive, 9LD, EV 110.0 MPH)
Mike Sears to third
Batting: RHB Kyle Alvarez 0-0: Foul Ball, location: 5SF
0-1: Swinging Strike
0-2: Strikes out swinging
Batting: RHB Jeff Morgan 0-0: Swinging Strike
0-1: SINGLE (Line Drive, 4D, EV 110.0 MPH)
Mike Sears scores
Todd Combs to third
Batting: SHB Greg O'Donnell 0-0: Ball
1-0: Fly out, F9 (Flyball, 9LS, EV 99.4 MPH)
Batting: RHB Jason Wine 0-0: Ball
1-0: Called Strike
1-1: Foul Ball, location: 3DF
1-2: SINGLE (Groundball, 34D, EV 98.8 MPH)
Todd Combs scores
Jeff Morgan to second
Runner from 2nd tries for 3rd, SAFE, no throw by RF
Batting: SHB Ken Campbell 0-0: Called Strike
0-1: Ball
1-1: Ball
2-1: Ball
3-1: Called Strike
3-2: Foul Ball, location: 23F
3-2: SINGLE (Line Drive, 4D, EV 100.0 MPH)
Jeff Morgan scores
Jason Wine to second
Jason Wine to third
Batting: LHB Jimmy O'Banion 0-0: Ball
1-0: Ball
2-0: Ball
3-0: Called Strike
3-1: Ground out 4-3 (Groundball, 34D, EV 88.8 MPH)
Top of the 5th over - 3 runs, 4 hits, 0 errors, 2 left on base; Altoona 3 - Portland 0
BOTTOM OF THE 5TH
Portland Sea Dogs batting - Pitching for Altoona Curve : LHP D.J. Pittaway
Batting: RHB Mike Elsner 0-0: Ball
1-0: Fly out, F9 (Flyball, 9S, EV 95.0 MPH)
Batting: RHB Eddie Pizana 0-0: Ball
1-0: Called Strike
1-1: Fly out, F8 (Flyball, 8RD, EV 91.3 MPH)
Batting: LHB Ryan McFall 0-0: Called Strike
0-1: Foul Ball, location: 23FF
0-2: Ball
1-2: Strikes out swinging
Bottom of the 5th over - 0 runs, 0 hits, 0 errors, 0 left on base; Altoona 3 - Portland 0
TOP OF THE 6TH
Altoona Curve batting - Pitching for Portland Sea Dogs : LHP Zarion Eldridge
Batting: LHB Robby Salinas 0-0: Ball
1-0: Foul Ball, location: 2RF
1-1: Called Strike
1-2: Foul Ball, location: 5F
1-2: SINGLE (Line Drive, 6MD, EV 94.4 MPH)
Batting: RHB Mike Sears 0-0: Ball
1-0: Called Strike
Robby Salinas is caught stealing 2nd base 2-4
1-1: Ground out 4-3 (Groundball, 4MD, EV 99.4 MPH)
Batting: SHB Todd Combs 0-0: Foul Ball, location: 3F
0-1: Ball
1-1: Ground out 6-3 (Groundball, 6, EV 93.1 MPH)
Top of the 6th over - 0 runs, 1 hit, 0 errors, 0 left on base; Altoona 3 - Portland 0
BOTTOM OF THE 6TH
Portland Sea Dogs batting - Pitching for Altoona Curve : LHP D.J. Pittaway
Pitching: RHP Johnny Hinojos
Batting: RHB Bobby Villalobos 0-0: Foul Ball, location: 9LSF
0-1: Ball
1-1: Ball
2-1: SOLO HOME RUN (Flyball, 89XD, EV 99.4 MPH), Distance : 395 ft
Batting: LHB Dan McCartney 0-0: Foul Ball, location: 23FF
0-1: Ball
1-1: Ground out 6-3 (Groundball, 4, EV 81.9 MPH)
Batting: RHB Chris Barley 0-0: Ball
1-0: Fly out, F9 (Flyball, 89M, EV 95.0 MPH)
Batting: LHB Dustin Spears 0-0: Ball
1-0: SINGLE (Line Drive, 78M, EV 87.5 MPH)
Batting: LHB T.J. Purkey 0-0: Ball
1-0: Ball
2-0: Ball
3-0: Called Strike
3-1: Fly out, F6 (Popup, 6MS, EV 60.6 MPH)
Bottom of the 6th over - 1 run, 2 hits, 0 errors, 1 left on base; Altoona 3 - Portland 1
TOP OF THE 7TH
Altoona Curve batting - Pitching for Portland Sea Dogs : LHP Zarion Eldridge
Pitching: RHP Jason Moore
Pinch Hitting: RHB Stuart Steitz 0-0: Fly out, F6 (Line Drive, 6M, EV 94.4 MPH)
Batting: RHB Jeff Morgan 0-0: Called Strike
0-1: Ball
1-1: Ball
2-1: SINGLE (Groundball, 6MD, EV 105.6 MPH)
Batting: SHB Greg O'Donnell 0-0: Ball
1-0: Called Strike
1-1: Called Strike
1-2: Foul Ball, location: 2F
1-2: Foul Ball, location: 2F
1-2: DOUBLE (Line Drive, 9LM, EV 91.3 MPH)
Jeff Morgan to third
Batting: RHB Jason Wine 0-0: Intentional Walk
Batting: SHB Ken Campbell 0-0: Called Strike
0-1: Ball
1-1: Foul Ball, location: 23FF
1-2: Foul Ball, location: 2F
1-2: Fly out, F8 (Flyball, 8LD, EV 110.0 MPH)
Runner from 3rd tags up, SCORES, throw by CF
Greg O'Donnell to third
Batting: LHB Jimmy O'Banion 0-0: Ball
1-0: Called Strike
1-1: Swinging Strike
1-2: Strikes out swinging
Top of the 7th over - 1 run, 2 hits, 0 errors, 2 left on base; Altoona 4 - Portland 1
BOTTOM OF THE 7TH
Portland Sea Dogs batting - Pitching for Altoona Curve : RHP Johnny Hinojos
Now at 1B: Todd Combs
Now at 2B: Mike Mays
Now at SS: Stuart Steitz
Batting: LHB Ramiro Argueta 0-0: Foul Ball, location: 7LSF
0-1: Ball
1-1: Fly out, F5 (Popup, 5S, EV 85.0 MPH)
Batting: RHB Mike Elsner 0-0: Reached on error, E9 (Flyball, S7, EV 105.6 MPH)
Batting: RHB Eddie Pizana 0-0: Ball
1-0: Ball
2-0: Ball
3-0: Base on Balls
Pitching: LHP Brian Hixson
Batting: LHB Ryan McFall 0-0: Called Strike
0-1: Grounds into double play, 4-6-3 (Groundball, 4, EV 110.0 MPH)
Bottom of the 7th over - 0 runs, 0 hits, 1 error, 1 left on base; Altoona 4 - Portland 1
TOP OF THE 8TH
Altoona Curve batting - Pitching for Portland Sea Dogs : RHP Jason Moore
Batting: LHB Robby Salinas 0-0: Swinging Strike
0-1: Ball
1-1: SINGLE (Groundball, 4M, EV 76.9 MPH) (infield hit)
Batting: RHB Mike Sears 0-0: Called Strike
0-1: Swinging Strike
0-2: Ball
1-2: Strikes out swinging
Batting: SHB Todd Combs 0-0: Ball
1-0: Ball
2-0: Foul Ball, location: 7LMF
2-1: Fielders Choice at 2nd, 6-4 (Groundball, 6MD, EV 95.6 MPH)
Batting: RHB Stuart Steitz 0-0: Swinging Strike
0-1: Foul Ball, location: 2F
0-2: Ball
1-2: Strikes out swinging passed ball, reaches first!
Todd Combs to second
Batting: RHB Jeff Morgan 0-0: Ball
1-0: Foul Ball, location: 7LDF
1-1: Called Strike
1-2: Ground out 5-3 (Groundball, 56S, EV 90.6 MPH)
Top of the 8th over - 0 runs, 1 hit, 0 errors, 2 left on base; Altoona 4 - Portland 1
BOTTOM OF THE 8TH
Portland Sea Dogs batting - Pitching for Altoona Curve : LHP Brian Hixson
Batting: RHB Bobby Villalobos 0-0: Ball
1-0: Ground out U3 (Groundball, 3S, EV 79.4 MPH)
Pinch Hitting: RHB Steve Abrahamson 0-0: Ball
1-0: Ball
2-0: Ball
3-0: Base on Balls
Batting: RHB Chris Barley 0-0: Ball
1-0: Called Strike
1-1: Foul Ball, location: 3DF
1-2: Ball
2-2: 2-RUN HOME RUN (Flyball, 9LD, EV 96.3 MPH), Distance : 345 ft
Pitching: RHP David Cullison
Batting: LHB Dustin Spears 0-0: Foul Ball, location: 5FF
0-1: Swinging Strike
0-2: Ball
1-2: Strikes out swinging
Batting: LHB T.J. Purkey 0-0: Foul Ball, location: 7LMF
0-1: Ball
1-1: Called Strike
1-2: Fly out, F8 (Flyball, 8RD, EV 103.1 MPH)
Bottom of the 8th over - 2 runs, 1 hit, 0 errors, 0 left on base; Altoona 4 - Portland 3
TOP OF THE 9TH
Altoona Curve batting - Pitching for Portland Sea Dogs : RHP Jason Moore
Now at 1B: Steve Abrahamson
Batting: SHB Greg O'Donnell 0-0: Fly out, F6 (Line Drive, 6, EV 71.3 MPH)
Batting: RHB Mike Mays 0-0: Ball
1-0: Ball
2-0: Called Strike
2-1: Called Strike
2-2: Strikes out swinging
Batting: SHB Ken Campbell 0-0: Ball
1-0: Foul Ball, location: 2RF
1-1: Ball
2-1: Ball
3-1: Foul Ball, location: 7LMF
3-2: Strikes out looking
Top of the 9th over - 0 runs, 0 hits, 0 errors, 0 left on base; Altoona 4 - Portland 3
BOTTOM OF THE 9TH
Portland Sea Dogs batting - Pitching for Altoona Curve : RHP David Cullison
Batting: LHB Ramiro Argueta 0-0: Foul Ball, location: 25FF
0-1: Ball
1-1: Ball
2-1: SINGLE (Groundball, 4MD, EV 104.4 MPH)
Pinch Hitting: LHB Tony Vargas 0-0: Foul Ball, location: 25F
0-1: Ball
1-1: Called Strike
1-2: DOUBLE (Line Drive, 78M, EV 91.9 MPH)
Ramiro Argueta to third
Pinch Hitting: LHB Bobby McAlexander 0-0: Ball
1-0: Foul Ball, location: 2F
1-1: Ball
2-1: Fly out, F7 (Flyball, 78S, EV 92.5 MPH)
Batting: LHB Ryan McFall 0-0: Ball
1-0: Called Strike
1-1: Ball
2-1: Ball
3-1: Fly out, F8 (Flyball, 8RXD, EV 85.0 MPH)
Runner from 3rd tags up, SCORES, no throw by CF
Tony Vargas to third
Batting: RHB Bobby Villalobos 0-0: Called Strike
0-1: SINGLE (Line Drive, 7S, EV 107.5 MPH)
Tony Vargas scores
Bottom of the 9th over - 2 runs, 3 hits, 0 errors, 1 left on base; Altoona 4 - Portland 5
Thursday, May 16th , 2024 - OOTP Baseball 24.11 Build 85